 Dungeon Crawl Stone Soup version 0.22.1-2-g9c5b331383 (webtiles) character file.

186966 antary the Imperceptible (level 17, -9/89 HPs)
             Began as a Spriggan Enchanter on Dec 17, 2018.
             Was the Champion of Kikubaaqudgha.
             Killed by the raging water
             ... invoked by a water nymph
              (15 damage)
             ... on level 2 of the Shoals.
             The game lasted 04:31:56 (47784 turns).

antary the Imperceptible (Spriggan Enchanter)      Turns: 47784, Time: 04:31:57

Health: -9/89      AC: 15    Str:  2 (4)  XL:     17   Next: 44%
Magic:  34/34      EV: 33    Int: 16 (17) God:    Kikubaaqudgha [******]
Gold:   551        SH: 11    Dex: 21      Spells: 12/41 levels left

rFire    . . .     SeeInvis +   x - +9 dagger (pain)
rCold    . . .     Gourm    .   M - +3 buckler
rNeg     . . .     Faith    .   X - +5 steam dragon scales
rPois    .         Spirit   .   f - +2 hat
rElec    .         Reflect  .   a - +2 cloak
rCorr    .         Harm     .   (gloves unavailable)
MR       +++..                  (boots unavailable)
Stlth    +++++++++.             C - amulet of magic regeneration
HPRegen  0.24/turn              s - ring of flight
MPRegen  0.49/turn              L - ring of protection from magic

@: flying, very quick
A: very small, unfitting armour, see invisible, deterioration 1, dopey 1,
herbivore, speed 3, slow metabolism 2
}: 1/15 runes: serpentine
a: Receive Corpses, Torment, Renounce Religion, Stop Flying


You were on level 2 of the Shoals.
You worshipped Kikubaaqudgha.
Kikubaaqudgha was exalted by your worship.
You were not hungry.

You visited 6 branches of the dungeon, and saw 30 of its levels.
You also visited: Labyrinth, Ossuary, Bailey and Ice Cave.

You collected 3182 gold pieces.
You spent 2631 gold pieces at shops.

Inventory:

Hand Weapons
 o - a +2 short sword of holy wrath
 x - a +9 dagger of pain (weapon)
 J - the +6 short sword "Cebobbyz" {freeze, rN+ MR+}
   (You found it on level 6 of the Dungeon)

   It has been specially enchanted to freeze those struck by it, causing extra
   injury to most foes and up to half again as much damage against particularly
   susceptible opponents.
   It can also slow down cold-blooded creatures.
   It protects you from negative energy.
   It affects your resistance to hostile enchantments.
Missiles
 c - 774 stones (quivered)
 F - 492 arrows
Armour
 a - a +2 cloak (worn)
 f - a +2 hat (worn)
 M - a +3 buckler (worn)
 X - +5 steam dragon scales (worn)
Jewellery
 e - an uncursed ring of magical power {unknown}
 p - an uncursed ring of positive energy
 q - a +3 ring of dexterity
 s - a ring of flight (left hand)
 C - an amulet of magic regeneration (around neck)
 L - a ring of protection from magic (right hand)
 O - an uncursed ring of stealth
 T - an uncursed ring of protection from cold
 W - an uncursed ring of poison resistance
Wands
 b - a wand of paralysis (15)
 h - a wand of random effects (90)
 k - a wand of scattershot (7)
 B - a wand of disintegration (9)
 N - a wand of iceblast (49)
 V - a wand of acid (35)
 Y - a wand of polymorph (27)
 Z - a wand of flame (40)
Scrolls
 g - 13 scrolls of remove curse
 j - 9 scrolls of teleportation
 r - a scroll of noise {unknown}
 A - 5 scrolls of amnesia
 H - 3 scrolls of magic mapping
 Q - 3 scrolls of brand weapon
 R - 4 scrolls of fog
 S - 4 scrolls of fear
Potions
 i - 4 potions of brilliance {unknown}
 m - 2 potions of resistance
 n - 4 potions of ambrosia
 t - 8 potions of lignification
 u - 3 potions of cancellation
 z - 2 potions of flight {unknown}
 D - 4 potions of magic
 E - 5 potions of might
 I - 2 potions of berserk rage {unknown}
Miscellaneous
 d - a phial of floods
 l - a phantom mirror
 v - a phial of floods
 y - a box of beasts
 P - a lamp of fire
 U - a fan of gales
Comestibles
 G - 27 rations


   Skills:
 - Level 10.0 Fighting
 - Level 10.0 Short Blades
 - Level 15.0 Dodging
 * Level 23.0 Stealth
 + Level 6.6 Shields
 + Level 12.8 Spellcasting
 - Level 10.0 Hexes
 + Level 10.3 Charms
 + Level 11.7 Necromancy


You had 12 spell levels left.
You knew the following spells:

 Your Spells              Type           Power        Failure   Level  Hunger
a - Corona                Hex            #####..      1%          1    None
b - Ensorcelled Hibernat  Hex/Ice        ####..       1%          2    None
c - Confuse               Hex            #####...     1%          3    None
d - Spectral Weapon       Hex/Chrm       #####...     1%          3    None
e - Animate Dead          Necr           N/A          1%          4    ##.....
f - Dispel Undead         Necr           #####...     1%          5    ####...
g - Sticks to Snakes      Tmut           ##......     11%         2    None
h - Deflect Missiles      Chrm/Air       ####......   78%         6    ######.
i - Tukima's Dance        Hex            #####...     1%          3    None

Your spell library contained the following spells:

 Spells                   Type           Power        Failure   Level  Hunger
 Infusion                 Chrm           ####         1%          1    None
 Pain                     Necr           ####         1%          1    None
 Corpse Rot               Necr           N/A          1%          2    None
 Shroud of Golubria       Chrm/Tloc      ####......   1%          2    None
 Song of Slaying          Chrm           #####...     1%          2    None
 Sublimation of Blood     Necr           #####.....   1%          2    None
 Regeneration             Chrm/Necr      #####.....   1%          3    None
 Dazzling Spray           Conj/Hex       ####..       2%          3    None
 Inner Flame              Hex/Fire       ####....     2%          3    None
 Ozocubu's Armour         Chrm/Ice       ####....     2%          3    None
 Beastly Appendage        Tmut           ##....       7%          1    None
 Flame Tongue             Conj/Fire      ##...        7%          1    None
 Freeze                   Ice            ##..         7%          1    None
 Magic Dart               Conj           ##..         7%          1    None
 Sting                    Conj/Pois      ##..         7%          1    None
 Summon Butterflies       Summ           ##......     7%          1    None
 Fulminant Prism          Conj/Hex       ####......   9%          4    ##.....
 Death Channel            Necr           #####.....   9%          6    ######.
 Passwall                 Tmut/Erth      ##......     11%         2    None
 Poisonous Vapours        Pois/Air       ##....       11%         2    None
 Searing Ray              Conj           ##....       11%         2    None
 Throw Flame              Conj/Fire      ##....       11%         2    None
 Throw Frost              Conj/Ice       ##....       11%         2    None
 Bolt of Draining         Conj/Necr      ####......   19%         5    ####...
 Borgnjor's Vile Clutch   Necr/Erth      ####......   19%         5    ####...
 Call Canine Familiar     Summ           ##......     22%         3    None
 Conjure Flame            Conj/Fire      ##......     22%         3    None
 Mephitic Cloud           Conj/Pois/Air  ##......     22%         3    None
 Spider Form              Tmut/Pois      ##........   22%         3    None
 Metabolic Englaciation   Hex/Ice        ####......   26%         5    ####...
 Silence                  Hex/Air        ####......   26%         5    ####...
 Summon Mana Viper        Hex/Summ       ####....     26%         5    ####...
 Force Lance              Conj/Tloc      ##......     56%         4    ##.....
 Ice Form                 Ice/Tmut       ##......     56%         4    ##.....
 Iskenderun's Mystic Bla  Conj           ##......     56%         4    ##.....
 Olgreb's Toxic Radiance  Pois           ##......     56%         4    ##.....
 Petrify                  Tmut/Erth      ##......     56%         4    ##.....
 Sticky Flame             Conj/Fire      ##......     56%         4    ##.....
 Summon Ice Beast         Ice/Summ       ##......     56%         4    ##.....
 Summon Lightning Spire   Summ/Air       ##......     56%         4    ##.....
 Throw Icicle             Conj/Ice       ##......     56%         4    ##.....
 Simulacrum               Ice/Necr       ####......   69%         6    ######.
 Blade Hands              Tmut           ##........   89%         5    ####...
 Fireball                 Conj/Fire      ##........   89%         5    ####...
 Irradiate                Conj/Tmut      ##........   89%         5    ####...
 Venom Bolt               Conj/Pois      ##........   89%         5    ####...
 Bolt of Cold             Conj/Ice       ##........   100%        6    ######.
 Conjure Ball Lightning   Conj/Air       ##........   100%        6    ######.
 Freezing Cloud           Conj/Ice/Air   ##........   100%        6    ######.
 Ozocubu's Refrigeration  Ice            ##........   100%        6    ######.
 Summon Hydra             Summ           ##........   100%        7    #######
 Tornado                  Air            ##........   100%        9    #######


Dungeon Overview and Level Annotations

Branches:
Dungeon (15/15)            Temple (1/1) D:6            Lair (6/6) D:9
 Shoals (2/4) Lair:3        Snake (4/4) Lair:3        Slime (0/5) Lair:5
    Orc (2/2) D:12            Elf (0/3) Orc:2        Vaults (0/5) D:14
 Depths (0/5) D:15

Altars:
Ashenzari
Cheibriados
Dithmenos
Elyvilon
Fedhas
Gozag
Hepliaklqana
Kikubaaqudgha
Makhleb
Nemelex Xobeh
Okawaru
Qazlal
Ru
Sif Muna
Trog
Uskayaw
Vehumet
Wu Jian
Xom
Yredelemnul
Zin
The Shining One
Beogh

Shops:
D:10 [   D:12 [   D:13 *   D:14 :   D:15 (   Orc:2 ([(?   Snake:1 *!%:

Portals:
Trove: D:13 (show abyssal rune of Zot)

Annotations:
Lair:1 Erica
Lair:5 1 exclusion
Shoals:1 exclusion: Roxanne, Roxanne


Innate Abilities, Weirdness & Mutations

You are very small and have problems with some larger weapons.
You are too small for most types of armour.
You have supernaturally acute eyesight. (SInv)
You are a herbivore.
You cover ground extremely quickly.
You need to consume almost no food.
Your body sometimes deteriorates upon taking damage.
You are dopey. (Int -2)


Message History

The water nymph writhes in agony.
The water nymph is severely wounded.
The water nymph points at you and mumbles some strange words.
The water rises up and strikes you!
* * * LOW HITPOINT WARNING * * *
Your body deteriorates!
You feel weakened.
A manticore comes into view.
The water nymph gestures at you while chanting.
The water rises up and strikes you!
* * * LOW HITPOINT WARNING * * *
The faun unwields an uncursed spear.
The faun wields a hunting sling.
The faun shoots a sling bullet.
The sling bullet completely misses you.
You hear a splash.
Okay, then.
As you read the scroll of fog, it crumbles to dust.
The scroll dissolves into smoke.
The water nymph points at you and mumbles some strange words.
The water rises up and strikes you!
You die...
Kikubaaqudgha rasps: "You have failed me!
Welcome... death!"

≈≈≈≈≈≈≈≈≈≈≈≈≈≈≈≈≈≈≈≈≈≈≈≈≈≈≈≈
≈≈≈≈≈≈≈≈≈≈≈≈≈≈≈≈≈≈≈≈≈≈≈≈≈≈≈≈
≈≈≈≈≈≈≈≈≈≈≈≈≈≈≈≈≈≈≈≈≈≈≈≈..≈≈
≈≈≈≈≈≈≈≈≈≈≈≈≈≈≈≈≈≈P≈≈≈≈P....
≈≈≈≈≈≈≈≈≈≈≈≈≈≈≈≈≈≈≈≈≈≈≈.##..
..≈≈≈≈cm≈≈≈≈≈≈≈≈≈P≈≈P≈≈≈###.
##≈≈≈≈≈≈≈≈≈≈§§≈≈≈≈≈≈≈≈≈≈≈..≈
#≈≈≈≈≈≈≈§§§§≈≈≈≈≈≈≈≈≈≈≈≈≈≈≈
..≈≈≈≈≈≈≈≈§@§≈≈≈≈≈≈≈P≈P≈≈≈≈≈
≈≈≈≈≈≈≈≈≈≈§§§(≈≈≈...≈≈≈≈≈≈≈≈
≈≈≈≈≈≈≈≈≈≈≈≈§≈≈≈≈##..≈PP≈≈..
≈≈≈≈≈≈≈≈≈≈≈≈..†...##.≈≈≈P≈..
≈≈≈≈≈≈≈≈≈≈≈.###.....≈≈≈.≈..
≈≈≈≈≈≈≈≈≈≈.# ###..≈≈≈≈≈≈..
H≈≈≈≈≈≈≈≈.## ##.≈≈≈≈≈≈≈#
≈≈≈≈≈≈≈≈..# #..≈≈≈≈≈≈≈.
≈≈≈≈≈≈≈.## #..≈P≈P≈≈≈.


You could see a faun and a water nymph.

Vanquished Creatures
  Vashnia (Snake:4)
  Frances (Shoals:1)
  5 nagarajas (Snake:4)
  An orc warlord (Orc:2)
  A stone giant (Orc:1)
  Nessos (Lair:4)
  A dire elephant (D:15)
  A minotaur (Lab)
  Snorg (Orc:1)
  An ogre mage (D:14)
  The ghost of vierth the Bludgeoner, a journeyman MiBe of Trog (D:12)
  Erolcha (D:12)
  16 naga warriors
  5 vault guards (D:14)
  5 hydras
  An ice dragon (Lair:5)
  A catoblepas (Lair:3)
  10 two-headed ogres
  7 anacondas
  A merfolk avatar (Shoals:1)
  An orc high priest (Orc:2)
  5 death yaks
  3 shock serpents (Snake:2)
  13 naga sharpshooters
  3 salamander mystics
  8 sea snakes
  5 unseen horrors
  A deep elf archer (D:14)
  A wizard (D:15)
  7 naga ritualists
  Pikel (D:6)
  3 harpies (Shoals:1)
  A mana viper (Snake:2)
  A deep elf mage (D:15)
  10 ugly things
  3 orc sorcerers (Orc:2)
  7 manticores
  17 salamanders
  4 cyclopes
  A wolf spider (Lair:6)
  3 guardian serpents
  A merfolk siren (Shoals:1)
  13 elephants
  24 black mambas
  2 gargoyles
  A torpor snail (Lair:6)
  11 spiny frogs
  22 naga magi
  A water nymph (Shoals:2)
  A rime drake (Lair:6)
  5 centaur skeletons
  A minotaur zombie (Lab)
  6 komodo dragons
  A yaktaur (D:14)
  A queen bee (D:9)
  2 merfolk
  A wind drake (Shoals:1)
  A tengu conjurer (D:14)
  4 trolls
  7 polar bears
  8 slime creatures
  10 hippogriffs
  8 hornets
  A dream sheep (Lair:6)
  4 snapping turtles (Shoals:1)
  23 blink frogs
  A meliai zombie (D:15)
  A vampire (D:14)
  2 water elementals (Shoals:1)
  Sigmund (D:4)
  13 spriggans (Lair:6)
  4 wyverns
  Eustachio (D:4)
  2 humans
  18 yaks
  Grum (D:9)
  3 hogs (D:8)
  2 basilisks
  A steam dragon (D:10)
  7 wargs
  Menkaure (D:7)
  3 hungry ghosts
  A soldier ant (D:11)
  Edmund (D:6)
  An acid dragon (D:14)
  Duvessa (D:4)
  59 nagas
  21 water moccasins
  11 porcupines
  36 orc warriors
  3 sky beasts
  10 ice beasts
  5 black bears
  2 slaves (D:6)
  13 ogres
  12 centaurs
  4 boggarts (Lair:6)
  51 wolves
  8 crocodiles
  21 bullfrogs
  2 big kobolds
  Dowan (D:4)
  A wyvern zombie (D:12)
  12 scorpions
  40 killer bees
  An electric eel (Snake:1)
  11 wights
  2 howler monkeys
  9 crimson imps
  A bullfrog zombie (D:9)
  5 centaur zombies
  7 hounds
  3 jellies
  29 orc wizards
  2 human zombies (Ossuary)
  24 orc priests
  2 bullfrog skeletons
  4 iguanas
  8 worker ants
  A big kobold zombie (Ossuary)
  A hound zombie (D:9)
  3 mummies (Ossuary)
  A worker ant zombie (D:8)
  13 gnolls
  23 adders
  3 howler monkey skeletons
  2 scorpion zombies (Ossuary)
  A shadow imp (D:8)
  2 white imps (Lair:5)
  7 oozes (D:2)
  An adder zombie (D:5)
  An adder skeleton (D:6)
  6 worms
  7 dart slugs
  4 leopard geckos
  101 orcs
  6 bats
  6 giant cockroaches
  11 goblins
  7 hobgoblins
  7 jackals
  27 kobolds
  2 quokkas
  3 ball pythons
  A ball python skeleton (D:5)
  5 frilled lizards
  4 gnoll zombies (Ossuary)
  A goblin zombie (Ossuary)
  A hobgoblin zombie (Ossuary)
  3 kobold zombies (Ossuary)
  A leopard gecko skeleton (D:4)
  An orc zombie (Ossuary)
  A quokka zombie (D:6)
  5 rats
  3 fungi
  A plant (Lair:6)
1077 creatures vanquished.

Vanquished Creatures (collateral kills)
  A water moccasin (Lair:3)
1 creature vanquished.

Vanquished Creatures (others)
  A naga (Snake:4)
  An orc wizard (Orc:2)
  A scorpion zombie (Ossuary)
  A ball lightning (Snake:3)
  4 orcs
  13 fungi
  11 plants
  8 spectral weapons
  8 toadstools (D:2)
48 creatures vanquished.

Grand Total: 1126 creatures vanquished

Notes
Turn   | Place    | Note
-------+----------+-------------------------------------------
     0 | D:1      | antary the Spriggan Enchanter began the quest for the Orb.
     0 | D:1      | Reached XP level 1. HP: 9/9 MP: 5/5
   144 | D:1      | Reached XP level 2. HP: 11/13 MP: 3/6
   552 | D:1      | Reached skill level 5 in Stealth
   663 | D:1      | Learned a level 2 spell: Ensorcelled Hibernation
  1096 | D:1      | Reached XP level 3. HP: 16/16 MP: 8/8
  1682 | D:2      | Found a white marble altar of Elyvilon.
  2594 | D:2      | Reached skill level 6 in Stealth
  2804 | D:1      | Learned a level 3 spell: Confuse
  2816 | D:2      | Reached XP level 4. HP: 17/21 MP: 4/9
  3195 | D:2      | Reached skill level 7 in Stealth
  3195 | D:2      | Reached XP level 5. HP: 24/24 MP: 0/10
  5114 | D:3      | Found a sacrificial altar of Ru.
  5234 | D:3      | Found an ornate altar of the Wu Jian Council.
  5327 | D:3      | Reached XP level 6. HP: 25/28 MP: 4/11
  5391 | D:3      | Reached skill level 8 in Stealth
  5944 | D:4      | Noticed Sigmund
  5948 | D:4      | Killed Sigmund
  5948 | D:4      | Reached skill level 5 in Short Blades
  6201 | D:4      | Noticed Eustachio
  6214 | D:4      | Killed Eustachio
  6214 | D:4      | Reached skill level 1 in Fighting
  6214 | D:4      | Reached XP level 7. HP: 33/33 MP: 2/14
  6459 | D:4      | Reached skill level 5 in Hexes
  6734 | D:4      | Noticed Duvessa
  6734 | D:4      | Noticed Dowan
  6739 | D:4      | Killed Duvessa
  6742 | D:4      | Killed Dowan
  7080 | D:4      | Reached XP level 8. HP: 24/40 MP: 0/15
  7738 | D:5      | Entered Level 5 of the Dungeon
  7789 | D:5      | Found a sand-covered staircase.
  7794 | Ossuary  | Entered an ossuary
  8140 | Ossuary  | Reached skill level 5 in Dodging
  9435 | D:5      | Found a radiant altar of Vehumet.
  9848 | D:6      | Got a twisted short sword
  9849 | D:6      | Identified the +6 short sword "Cebobbyz" {freeze, rN+ MR+}
                  | (You found it on level 6 of the Dungeon)
  9891 | D:6      | Reached XP level 9. HP: 36/44 MP: 8/16
 10088 | D:6      | Noticed Pikel
 10193 | D:6      | Noticed Edmund
 10201 | D:6      | Killed Edmund
 10224 | D:6      | Killed Pikel
 10477 | D:6      | Found a staircase to the Ecumenical Temple.
 10556 | Temple   | Entered the Ecumenical Temple
 10661 | Temple   | Became a worshipper of Kikubaaqudgha
 10877 | D:6      | Reached skill level 9 in Stealth
 11301 | D:6      | Reached skill level 10 in Stealth
 11375 | D:6      | Found a blossoming altar of Fedhas.
 11616 | D:7      | Identified the Volume of Changing
 11657 | D:7      | Noticed Menkaure
 11704 | D:7      | Killed Menkaure
 11804 | D:7      | Reached XP level 10. HP: 51/51 MP: 11/17
 11927 | D:8      | Reached skill level 5 in Fighting
 11990 | D:7      | Reached skill level 11 in Stealth
 12318 | D:8      | Reached * piety under Kikubaaqudgha
 12318 | D:8      | Identified Kikubaaqudgha's Papyrus of Evil (Kikubaaqudgha
                  | gifted it to you on level 8 of the Dungeon)
 12318 | D:8      | Received a gift from Kikubaaqudgha
 13003 | D:8      | Learned a level 3 spell: Spectral Weapon
 13218 | D:8      | Reached skill level 12 in Stealth
 13953 | D:9      | Noticed Grum
 14000 | D:9      | Killed Grum
 14155 | D:9      | Found a deep blue altar of Sif Muna.
 14212 | D:9      | Noticed a two-headed ogre
 14229 | D:9      | Killed a two-headed ogre
 14933 | D:9      | Reached ** piety under Kikubaaqudgha
 15325 | D:9      | Reached skill level 10 in Hexes
 15325 | D:9      | Reached XP level 11. HP: 48/56 MP: 18/18
 15791 | D:9      | Found a staircase to the Lair.
 16080 | D:10     | Entered Level 10 of the Dungeon
 16426 | D:10     | Reached skill level 10 in Short Blades
 16643 | D:10     | Found Bobbumia's Armour Shop.
 16774 | D:10     | Reached *** piety under Kikubaaqudgha
 16774 | D:10     | Identified Kikubaaqudgha's Guide on Evil Rites
                  | (Kikubaaqudgha gifted it to you on level 10 of the Dungeon)
 16774 | D:10     | Received a gift from Kikubaaqudgha
 16774 | D:10     | Reached skill level 10 in Dodging
 16781 | D:10     | Learned a level 4 spell: Animate Dead
 16787 | D:10     | Learned a level 5 spell: Dispel Undead
 17291 | D:10     | Found a shimmering altar of Xom.
 17485 | D:11     | Noticed a two-headed ogre
 17564 | D:11     | Found a frozen archway.
 17566 | D:11     | Noticed a cyan ugly thing
 17570 | D:11     | Killed a cyan ugly thing
 17576 | IceCv    | Entered an ice cave
 17663 | IceCv    | Noticed a white ugly thing
 17697 | D:11     | Noticed a two-headed ogre
 17954 | D:11     | Reached skill level 1 in Necromancy
 18001 | D:11     | Killed a two-headed ogre
 18270 | D:11     | Reached **** piety under Kikubaaqudgha
 18365 | D:11     | Killed a two-headed ogre
 19019 | Lair:1   | Entered Level 1 of the Lair of Beasts
 19066 | Lair:1   | Noticed a death yak
 19066 | Lair:1   | Noticed a death yak
 19066 | Lair:1   | Noticed a death yak
 19066 | Lair:1   | Noticed a death yak
 19081 | Lair:1   | Killed a death yak
 19127 | Lair:1   | Reached XP level 12. HP: 13/64 MP: 14/19
 19461 | Lair:1   | Found a labyrinth entrance.
 19470 | Lab      | Entered a labyrinth
 20538 | Lab      | Noticed a minotaur
 20851 | Lab      | Killed a minotaur
 21062 | Lair:1   | Killed a death yak
 21091 | Lair:1   | Killed a death yak
 21096 | Lair:1   | Killed a death yak
 21288 | Lair:1   | Noticed a four-headed hydra
 21325 | Lair:1   | Killed a four-headed hydra
 21733 | Lair:1   | Noticed Erica
 21748 | Lair:1   | Reached skill level 5 in Necromancy
 22594 | Lair:2   | Reached ***** piety under Kikubaaqudgha
 23044 | Lair:3   | Found a staircase to the Snake Pit.
 23187 | Lair:3   | Found a staircase to the Shoals.
 23214 | Lair:3   | Reached skill level 15 in Dodging
 23561 | Lair:3   | Found a radiant altar of Vehumet.
 23604 | Lair:3   | Noticed a catoblepas
 23616 | Lair:3   | Killed a catoblepas
 23616 | Lair:3   | Reached XP level 13. HP: 72/72 MP: 20/20
 24005 | Lair:4   | Noticed Nessos
 24010 | Lair:4   | Killed Nessos
 24017 | Lair:4   | Reached skill level 10 in Fighting
 24430 | Lair:4   | Reached skill level 13 in Stealth
 24687 | Lair:4   | Reached skill level 5 in Spellcasting
 25847 | Lair:5   | Reached skill level 14 in Stealth
 25923 | Lair:5   | Learned a level 2 spell: Sticks to Snakes
 26529 | Lair:5   | Found a staircase to the Slime Pits.
 27205 | Lair:6   | Entered Level 6 of the Lair of Beasts
 27228 | Lair:6   | Reached skill level 15 in Stealth
 27300 | Lair:6   | Reached ****** piety under Kikubaaqudgha
 27302 | Lair:6   | Identified a +6 dagger of pain (a +4 dagger bloodied by
                  | Kikubaaqudgha)
 27302 | Lair:6   | Received a gift from Kikubaaqudgha
 27706 | Lair:6   | Reached XP level 14. HP: 76/77 MP: 5/25
 27830 | Lair:6   | Reached skill level 16 in Stealth
 28947 | Lair:6   | Reached skill level 17 in Stealth
 29837 | D:12     | Found a staircase to the Orcish Mines.
 29869 | D:12     | Noticed Erolcha
 29949 | D:12     | Reached skill level 1 in Shields
 29979 | D:12     | Found Nuikau's Antique Armour Shoppe.
 29987 | D:12     | Bought the +0 pair of fencer's gloves {+Riposte Dex+3} for
                  | 1360 gold pieces
 29987 | D:12     | Found the +0 pair of fencer's gloves {+Riposte Dex+3}
 30039 | D:12     | Killed Erolcha
 30311 | D:12     | Found a runed door.
 30311 | D:12     | Noticed vierth's ghost (journeyman MiBe)
 30409 | D:12     | Killed vierth's ghost
 30699 | Orc:1    | Entered Level 1 of the Orcish Mines
 30763 | Orc:1    | Found a flagged portal.
 30770 | Orc:1    | Noticed a stone giant
 30778 | Orc:1    | Killed a stone giant
 30778 | Orc:1    | Reached skill level 18 in Stealth
 30782 | Orc:1    | Noticed Snorg
 30836 | Orc:1    | Killed Snorg
 30838 | Bailey   | Entered a bailey
 31127 | Orc:2    | Entered Level 2 of the Orcish Mines
 31159 | Orc:2    | Found a roughly hewn altar of Beogh.
 31238 | Orc:2    | Noticed an orc warlord
 31294 | Orc:2    | Killed an orc warlord
 31447 | Orc:2    | Found Fudoefo's Antique Weapon Shop.
 31448 | Orc:2    | Found a roughly hewn altar of Beogh.
 31589 | Orc:2    | Found Mifruem's Antique Armour Boutique.
 31683 | Orc:2    | Found an iron altar of Okawaru.
 31859 | Orc:2    | Found a roughly hewn altar of Beogh.
 31863 | Orc:2    | Found Bisaiv's Magic Scroll Shoppe.
 31932 | Orc:2    | Bought a scroll of identify for 20 gold pieces
 31932 | Orc:2    | Bought a scroll of enchant armour for 75 gold pieces
 32219 | Orc:2    | Found a roughly hewn altar of Beogh.
 32286 | Orc:2    | Found a roughly hewn altar of Beogh.
 32294 | Orc:2    | Found Ziuprog's Antique Weapon Shop.
 32514 | Orc:2    | Found a staircase to the Elven Halls.
 32538 | Orc:2    | Reached XP level 15. HP: 80/80 MP: 29/29
 33176 | D:13     | Found a portal to a secret trove of treasure.
 33435 | D:13     | Reached skill level 10 in Spellcasting
 33442 | D:13     | Reached skill level 19 in Stealth
 33494 | D:13     | Found Wuobawuy's Demolitions Depot.
 33615 | D:13     | Got an opalescent robe
 33616 | D:13     | Identified the +0 robe "Gequd" {rElec} (You found it on
                  | level 13 of the Dungeon)
 34233 | D:14     | Found Yngaezai's Book Emporium.
 34241 | D:14     | Bought a book of the Sky for 1040 gold pieces
 34248 | D:14     | Learned a level 6 spell: Deflect Missiles
 34398 | D:14     | Reached skill level 1 in Charms
 34780 | D:15     | Entered Level 15 of the Dungeon
 34844 | D:14     | Reached skill level 10 in Necromancy
 34849 | D:14     | Found a gate to the Vaults.
 35585 | D:15     | Found a staircase to the Depths.
 35592 | D:15     | Reached skill level 20 in Stealth
 35669 | D:15     | Found Pithe's Weapon Emporium.
 36312 | Snake:1  | Entered Level 1 of the Snake Pit
 36320 | Snake:1  | Found Ovuubop's Food Shop.
 36320 | Snake:1  | Found Xopigasch's Distillery.
 36321 | Snake:1  | Found Weloa's Book Shop.
 36323 | Snake:1  | Found Viudoamy's General Store.
 36334 | Snake:1  | Bought a potion of invisibility for 136 gold pieces
 36619 | Snake:1  | Reached skill level 5 in Charms
 37534 | Snake:2  | Found a sparkling altar of Nemelex Xobeh.
 38097 | Snake:2  | Reached XP level 16. HP: 83/85 MP: 32/32
 39009 | Snake:3  | Reached skill level 21 in Stealth
 39022 | Snake:3  | Reached skill level 5 in Shields
 40888 | Snake:4  | Entered Level 4 of the Snake Pit
 41981 | Snake:4  | Noticed Vashnia
 42367 | Snake:4  | Reached skill level 22 in Stealth
 43459 | Snake:3  | Learned a level 3 spell: Tukima's Dance
 43657 | Snake:4  | Killed Vashnia
 44290 | Snake:4  | Gained mutation: You are dopey. (Int -2) [mutagenic glow]
 44317 | Snake:4  | Reached XP level 17. HP: 35/89 MP: 27/34
 44344 | Snake:4  | Gained mutation: Your body sometimes deteriorates upon
                  | taking damage. [mutagenic glow]
 45528 | Snake:4  | HP: 3/89 [nagaraja/halberd (11)]
 45528 | Snake:4  | HP: 1/89 [nagaraja/halberd (2)]
 46165 | Snake:4  | Got a serpentine rune of Zot
 46332 | Shoals:1 | Entered Level 1 of the Shoals
 46394 | Shoals:1 | Noticed Frances
 46452 | Shoals:1 | Reached skill level 10 in Charms
 47273 | Shoals:1 | Noticed Roxanne
 47354 | Shoals:1 | Reached skill level 23 in Stealth
 47429 | Shoals:1 | Killed Frances
 47784 | Shoals:2 | Killed from afar by a water nymph

Skill      XL: |  1  2  3  4  5  6  7  8  9 10 11 12 13 14 15 16 17 |
---------------+----------------------------------------------------+-----
Stealth        | 5 6 7 8 10 12 15 18 20 22 23 | 23.0
Short Blades   | 2 3 4 5 6 8 9 10 | 10.0
Spellcasting   | 4 7 9 11 12 | 12.8
Hexes          | 4 6 8 10 | 10.0
Fighting       | 1 3 4 6 7 9 10 | 10.0
Dodging        | 7 8 12 15 | 15.0
Necromancy     | 3 5 8 9 10 11 | 11.7
Shields        | 2 4 6 |  6.6
Charms         | 5 9 10 | 10.3

Action                   |  1- 3 |  4- 6 |  7- 9 | 10-12 | 13-15 | 16-18 || total
-------------------------+-------+-------+-------+-------+-------+-------++-------
Melee: Dagger            |   152 |   142 |    85 |       |   763 |   644 ||  1786
       Short sword       |       |       |   307 |   904 |   354 |       ||  1565
Throw: Stone             |       |       |       |    10 |     6 |    10 ||    26
 Cast: Corona            |     6 |       |       |       |       |       ||     6
       Ensorcelled Hiber |    34 |    65 |   100 |    91 |   260 |    29 ||   579
       Confuse           |       |     7 |    22 |    35 |   227 |   265 ||   556
       Spectral Weapon   |       |       |       |    14 |     1 |     4 ||    19
       Animate Dead      |       |       |       |     2 |       |     2 ||     4
       Dispel Undead     |       |       |       |       |     5 |       ||     5
       Sticks to Snakes  |       |       |       |       |       |    26 ||    26
       Deflect Missiles  |       |       |       |       |       |     3 ||     3
Invok: Brand Weapon With |       |       |       |       |     1 |       ||     1
 Abil: Evoke Flight      |       |       |       |       |     1 |     9 ||    10
Evoke: Fan of gales      |       |       |       |     1 |     1 |       ||     2
       Lamp of fire      |       |       |       |     1 |     1 |       ||     2
       Wand              |       |       |       |       |    11 |     5 ||    16
  Use: Potion            |       |     2 |     1 |    11 |     5 |    14 ||    33
       Scroll            |       |     8 |     7 |    14 |    26 |    11 ||    66
 Stab: Sleeping          |    25 |    25 |    49 |    76 |   201 |    29 ||   405
       Confused          |       |     5 |    13 |    22 |    99 |    85 ||   224
       Distracted        |       |       |     2 |     9 |     2 |     8 ||    21
       Invisible         |       |       |       |       |    25 |       ||    25
       Paralysed         |       |       |       |       |     1 |       ||     1
  Eat: Ration            |     1 |     5 |     5 |    10 |     9 |     8 ||    38
Armor: Robe              |    15 |     9 |    11 |    45 |    14 |       ||    94
       Steam dragon scal |       |       |       |       |    27 |    25 ||    52
Dodge: Dodged            |   115 |   100 |   227 |   591 |   760 |   314 ||  2107
       Deflected         |       |       |       |       |       |    16 ||    16
Block: Buckler           |       |       |       |       |   152 |   238 ||   390
